 Dungeon Crawl Stone Soup version 0.31-a0-818-ge7c7cf74f0 (console) character file.

Game seed: 1144415775842593307

196634 jejorda2 the Deadly Accurate (level 18, -1/219 HPs)
             Began as a Gnoll Berserker on Sept 21, 2023.
             Was a High Priest of Trog.
             Killed from afar by a fenstrider witch (10 damage)
             ... with a toxic sludge
             ... on level 1 of the Swamp on Sept 22, 2023.
             The game lasted 01:39:40 (32914 turns).

jejorda2 the Deadly Accurate (Gnoll Berserker)     Turns: 32914, Time: 01:39:41

Health: -1/219     AC: 38    Str: 24    XL:     18   Next: 38%
Magic:  16/34      EV: 15    Int:  7    God:    Trog [*****.]
Gold:   1695       SH: 12    Dex: 12    Spells: 42/42 levels left

rFire   + . .        a - +10 hand axe {speed, rPois}
rCold   + . .        G - +0 kite shield {reflect}
rNeg    . . .        W - +3 plate armour {rF+}
rPois   +            i - +0 helmet of the Postmodern Mice {rC+ Regen+ rCorr Slay+3}
rElec   .            k - +1 cloak of Starlight {*Dazzle EV+4 Stlth--}
rCorr   +            T - +2 pair of gloves {infuse}
SInv    .            l - +2 pair of boots
Will    +....        t - amulet of the acrobat Stlth
                     n - +4 ring of protection
HPRegen 1.36/turn    r - +4 ring of protection
MPRegen 0.24/turn

%: reflection, acrobat, infuse magic (1 MP)
@: berserking (expiring), lethally poisoned (-1 -> -64), studying Throwing, very
quick
A: fangs 1, strong nose, distributed training
}: 1/15 runes: gossamer
a: Renounce Religion, Berserk, Trog's Hand, Brothers in Arms


You were on level 1 of the Swamp.
You worshipped Trog.
Trog was extremely pleased with you.
You visited 5 branches of the dungeon, and saw 27 of its levels.
You also visited: Sewer.

You collected 4579 gold pieces.
You spent 2884 gold pieces at shops.

Inventory:

Hand Weapons
 a - the +10 hand axe of the End of Times (weapon) {speed, rPois}
   (You found it on level 4 of the Dungeon)

   rPois:     It protects you from poison
 b - a +1 demon whip of venom
Missiles
 j - 5 datura-tipped darts
 u - 16 boomerangs
 A - 2 throwing nets
 F - 11 curare-tipped darts
 I - 7 javelins
 K - 10 poisoned darts (quivered)
Armour
 i - the +0 helmet of the Postmodern Mice (worn) {rC+ Regen+ rCorr Slay+3}
   (You found it on level 1 of the Lair of Beasts)

   Slay+3:    It affects your accuracy & damage with ranged weapons and melee
   (+3).
   rC+:       It protects you from cold.
   Regen+:    It increases your rate of health regeneration.
   rCorr:     It protects you from acid and corrosion.
 k - the +1 cloak of Starlight (worn) {*Dazzle EV+4 Stlth--}
   (You bought it in a shop on level 2 of the Orcish Mines)

   *Dazzle:   It may blind those who miss an attack against the wearer in melee
   combat.
   EV+4:      It affects your evasion (+4).
   Stlth--:   It makes you much less stealthy.
 l - a +2 pair of boots (worn)
 G - a +0 kite shield of reflection (worn)
 Q - the -1 helmet of Ignis's Benevolence {rElec rN++ rCorr Str+3}
   (You found it on level 5 of the Lair of Beasts)

   Str+3:     It affects your strength (+3).
   rElec:     It insulates you from electricity.
   rN++:      It greatly protects you from negative energy.
   rCorr:     It protects you from acid and corrosion.
 T - a +2 pair of gloves of infusion (worn)
 W - a +3 plate armour of fire resistance (worn)
 X - a +1 chain mail of cold resistance
Jewellery
 c - a ring of protection from fire
 n - a +4 ring of protection (left hand)
 o - a ring of ice
 r - a +4 ring of protection (right hand)
 t - an amulet of the acrobat (around neck)
 O - a ring of positive energy
Wands
 s - a wand of flame (79)
 B - a wand of polymorph (19)
 E - a wand of roots (1)
 H - a wand of mindburst (19)
 J - a wand of digging (8)
 L - a wand of charming (3)
 M - a wand of quicksilver (2)
Scrolls
 h - 6 scrolls of fog
 p - 15 scrolls of teleportation
 q - 2 scrolls of poison
 x - 2 scrolls of immolation
 y - 6 scrolls of fear
 z - 4 scrolls of blinking
 R - 2 scrolls of summoning
 U - 6 scrolls of revelation
Potions
 d - 3 potions of invisibility
 e - 4 potions of haste
 f - 7 potions of curing
 g - 12 potions of heal wounds
 m - 2 potions of attraction
 v - 5 potions of enlightenment
 w - 6 potions of mutation
 C - 3 potions of resistance
 D - 5 potions of ambrosia
 S - 2 potions of cancellation
 Y - a potion of might
Miscellaneous
 V - a lightning rod (4/4)


   Skills:
 + Level 14.0 Fighting
 + Level 12.5 Short Blades
 + Level 12.5 Long Blades
 + Level 14.0 Axes
 + Level 12.5 Maces & Flails
 + Level 12.5 Polearms
 + Level 12.5 Staves
 + Level 12.5 Ranged Weapons
 + Level 16.7 Throwing
 + Level 13.3 Armour
 + Level 13.3 Dodging
 + Level 12.5 Stealth
 + Level 12.5 Shields
 + Level 12.5 Unarmed Combat
 + Level 12.5 Spellcasting
 + Level 10.6 Conjurations
 + Level 10.6 Hexes
 + Level 10.6 Summonings
 + Level 10.6 Necromancy
 + Level 10.6 Translocations
 + Level 10.6 Transmutations
 + Level 10.6 Fire Magic
 + Level 10.6 Ice Magic
 + Level 10.6 Air Magic
 + Level 10.6 Earth Magic
 + Level 10.6 Poison Magic
 + Level 13.6 Invocations
 + Level 12.5 Evocations
 + Level 11.5 Shapeshifting


You had 42 spell levels left.
You didn't know any spells.
Your spell library was empty.

Dungeon Overview and Level Annotations

Branches:
Dungeon (15/15)            Temple (0/1) D:7            Lair (5/5) D:8
  Swamp (1/4) Lair:3       Spider (4/4) Lair:2        Slime (0/5) Lair:4
    Orc (2/2) D:9             Elf (0/3) Orc:2        Vaults (0/5) D:13
 Depths (0/4) D:15          Sewer (visited)

Altars:
Ashenzari
Cheibriados
Dithmenos
Elyvilon
Fedhas
Gozag
Hepliaklqana
Nemelex Xobeh
Okawaru
Qazlal
Ru
Trog
Uskayaw
Vehumet
Wu Jian
Yredelemnul
Zin
The Shining One
Jiyva

Shops:
D:2 ?   D:3 :   D:6 *   D:8 [   D:9 [   D:11 *   D:14 [   Orc:2 [*(:

Annotations:
D:10 3 runed translucent doors


Innate Abilities, Weirdness & Mutations

You have very sharp teeth.
Your uncanny sense of smell can sniff out nearby items.
Your experience applies equally to all skills.


Message History

You feel extremely sick.
The fenstrider witch gestures at you while chanting.
You barely resist. You slash the eleionoma!
The eleionoma is moderately wounded.
You lop one of the seven-headed hydra's heads off!
The six-headed hydra grows two more!
You slice the eight-headed hydra!! You miss the fenstrider witch.
* * * LOW HITPOINT WARNING * * *
You feel extremely sick.
The eleionoma hurls a spray of splinters at you.
The spray of wooden splinters misses you.
You completely miss the eleionoma. You bite the eleionoma!
The eleionoma is moderately wounded.
You slash the fenstrider witch!
You lop one of the eight-headed hydra's heads off!
The seven-headed hydra grows two more!
You hit the nine-headed hydra.
* * * LOW HITPOINT WARNING * * *
You feel very sick. The nine-headed hydra misses you.
The nine-headed hydra bites you but does no damage.
You block the nine-headed hydra's attack. x3
The nine-headed hydra barely misses you.
The nine-headed hydra completely misses you.
The nine-headed hydra bites you!
* * * LOW HITPOINT WARNING * * *
The nine-headed hydra bites you but does no damage.
Unknown command.
You barely miss the fenstrider witch.
The fenstrider witch is heavily wounded.
You chop one of the nine-headed hydra's heads off!
The eight-headed hydra grows two more!
You slash the ten-headed hydra! You slice the eleionoma!!
* * * LOW HITPOINT WARNING * * *
You feel extremely sick.
The fenstrider witch points at you and mumbles some strange words.
The toxic sludge hits you!
You are more poisoned.
You partially resist.
You die...

..~~~~....
.~~~~~~~~
~w~~~~~~~
~...~~~~~
♣....~~~~
♣[~~~~~~~
♣♣♣♣♣♣.~~~~§~~
♣..@♣♣<~~~~~~~
♣~DRH.~~~..~~~
∆♣.~w......♣~..
♣♣~♣♣~♣♣♣♣♣ ~
♣♣ ♣♣♣


You could see an eleionoma, a ten-headed hydra (very poisoned), a fenstrider
witch and a tyrant leech.

Vanquished Creatures
  Nikola (Spider:1)
  Rupert (D:12)
  Jorgrun (D:12)
  Frances (Spider:1)
  Donald (Spider:1)
  4 emperor scorpions
  6 ghost moths
  A stone giant (D:15)
  A broodmother (Spider:3)
  An orc warlord (Orc:2)
  The ghost of tinfoiltophat the Warrior, a journeyman DjFE of Gozag (D:14)
  4 spark wasps
  The ghost of avis the Spry, a journeyman FeWr of Gozag (Lair:5)
  Snorg (D:12)
  Fannar (D:10)
  Josephine (D:14)
  5 entropy weavers
  A jorogumo (Spider:1)
  3 vault guards (D:13)
  4 hydras
  An ogre mage (D:15)
  3 catoblepae
  3 centaur warriors
  3 radroaches
  11 two-headed ogres
  8 boulder beetles
  10 death yaks
  Urug (D:12)
  4 orc high priests
  3 demonic crawlers
  7 tengu warriors
  Sonja (D:10)
  2 skysharks
  A fire crab (shapeshifter) (D:15)
  Amaemon (Lair:3)
  Lodul (D:12)
  7 pharaoh ants
  2 swamp dragons (D:14)
  2 orange crystal statues
  6 orb spiders
  A wizard (D:13)
  6 steelbarb worms
  7 orc knights
  A deep elf archer (D:13)
  26 wolf spiders
  3 deep elf pyromancers
  27 ugly things
  7 orc sorcerers
  3 manticores
  5 elephants (Lair:1)
  6 cyclopes
  9 black mambas
  A moth of wrath (shapeshifter) (D:15)
  5 moths of wrath
  Joseph (D:7)
  7 slime creatures
  A guardian serpent (Lair:5)
  An orange demon (Lair:3)
  4 torpor snails
  18 cane toads
  2 gargoyles
  4 yaktaurs
  Jeremiah (D:7)
  3 unseen horrors
  3 rime drakes
  A freezing wraith (D:15)
  Psyche (D:9)
  An unseen horror zombie (D:9)
  4 tengu conjurers
  6 komodo dragons
  9 trolls
  A tarantella (shapeshifter) (D:14)
  15 hornets
  10 polar bears
  3 raiju (Lair:5)
  20 tarantellas
  10 blink frogs
  9 dream sheep
  19 jumping spiders
  2 shadows (D:10)
  17 culicivoras
  7 wraiths
  44 yaks
  17 wyverns
  2 vampires
  A human (D:13)
  5 basilisks
  4 steam dragons
  13 vampire mosquitoes
  51 redbacks
  Menkaure (D:6)
  14 wargs
  16 water moccasins
  12 hell hounds (Lair:5)
  Duvessa (D:4)
  An ice beast (D:6)
  32 orc warriors
  A swamp drake (D:14)
  A sky beast (D:7)
  13 black bears
  16 ogres
  16 wolves (Lair:5)
  3 centaurs
  A kobold brigand (D:8)
  2 necrophages (D:9)
  10 bullfrogs
  A gnoll sergeant (D:7)
  3 scorpions
  7 wights
  Dowan (D:4)
  25 killer bees
  3 electric eels
  2 howler monkeys
  2 lava snakes (Lair:3)
  A human zombie (D:9)
  A jelly (D:6)
  3 gnoll boudas
  19 orc priests
  A sleepcap (D:6)
  Natasha (thrice) (D:2)
  A hell rat (Sewer)
  An iguana (D:6)
  16 orc wizards
  A howler monkey zombie (D:9)
  3 mummies (D:9)
  Robin (D:3)
  15 gnolls
  3 river rats (Sewer)
  9 adders
  2 shadow imps
  5 white imps
  2 worms
  3 dart slugs
  69 orcs
  4 endoplasms
  6 giant cockroaches
  14 goblins
  7 hobgoblins
  3 jackals (D:1)
  12 kobolds
  9 quokkas
  7 ball pythons
  8 bats
  3 frilled lizards
  11 rats
968 creatures vanquished.

Vanquished Creatures (collateral kills)
  2 orb spiders (Spider:4)
  An ugly thing (D:15)
3 creatures vanquished.

Vanquished Creatures (others)
  An orb spider (Spider:4)
  A wizard (D:15)
  A gnoll (Orc:2)
  An orc (D:15)
4 creatures vanquished.

Grand Total: 975 creatures vanquished

Notes
Turn   | Place    | Note
-------+----------+-------------------------------------------
     0 | D:1      | jejorda2 the Gnoll Berserker began the quest for the Orb.
     0 | D:1      | Reached XP level 1. HP: 23/23 MP: 1/1
   287 | D:1      | Reached XP level 2. HP: 23/29 MP: 2/2
   531 | D:1      | Reached XP level 3. HP: 35/35 MP: 3/3
   889 | D:2      | Reached skill level 1 in Invocations
   901 | D:2      | Found a white marble altar of Elyvilon.
  1004 | D:2      | Reached skill level 1 in Short Blades
  1004 | D:2      | Reached skill level 1 in Long Blades
  1004 | D:2      | Reached skill level 1 in Maces & Flails
  1004 | D:2      | Reached skill level 1 in Polearms
  1004 | D:2      | Reached skill level 1 in Staves
  1004 | D:2      | Reached skill level 1 in Ranged Weapons
  1004 | D:2      | Reached skill level 1 in Throwing
  1004 | D:2      | Reached skill level 1 in Stealth
  1004 | D:2      | Reached skill level 1 in Shields
  1004 | D:2      | Reached skill level 1 in Unarmed Combat
  1004 | D:2      | Reached skill level 1 in Spellcasting
  1004 | D:2      | Reached skill level 1 in Evocations
  1066 | D:2      | Noticed Natasha
  1074 | D:2      | Killed Natasha
  1074 | D:2      | Reached ** piety under Trog
  1075 | D:2      | Reached skill level 1 in Shapeshifting
  1075 | D:2      | Reached XP level 4. HP: 37/41 MP: 5/5
  1210 | D:2      | Noticed Natasha
  1220 | D:2      | Killed Natasha
  1221 | D:2      | Reached skill level 1 in Conjurations
  1221 | D:2      | Reached skill level 1 in Hexes
  1221 | D:2      | Reached skill level 1 in Summonings
  1221 | D:2      | Reached skill level 1 in Necromancy
  1221 | D:2      | Reached skill level 1 in Translocations
  1221 | D:2      | Reached skill level 1 in Transmutations
  1221 | D:2      | Reached skill level 1 in Fire Magic
  1221 | D:2      | Reached skill level 1 in Ice Magic
  1221 | D:2      | Reached skill level 1 in Air Magic
  1221 | D:2      | Reached skill level 1 in Earth Magic
  1221 | D:2      | Reached skill level 1 in Poison Magic
  1302 | D:2      | Found Niaxalloqe's Magic Scroll Shop.
  1310 | D:2      | Bought a scroll of teleportation for 39 gold pieces
  1310 | D:2      | Bought a scroll of identify for 26 gold pieces
  1310 | D:2      | Bought a scroll of poison for 52 gold pieces
  1397 | D:2      | Reached XP level 5. HP: 47/47 MP: 5/7
  1496 | D:2      | Found a faded altar of an unknown god.
  1773 | D:3      | Noticed Robin
  1773 | D:3      | Noticed a water moccasin
  1785 | D:2      | Noticed Natasha
  1795 | D:2      | Killed Natasha
  1855 | D:3      | Killed Robin
  1863 | D:3      | Killed a water moccasin
  1864 | D:3      | Reached skill level 5 in Armour
  1864 | D:3      | Reached skill level 5 in Dodging
  1864 | D:3      | Reached XP level 6. HP: 53/53 MP: 8/8
  1866 | D:3      | Reached skill level 2 in Throwing
  1991 | D:3      | Found a snail-covered altar of Cheibriados.
  2064 | D:3      | Found a glowing silver altar of Zin.
  2169 | D:3      | Found a radiant altar of Vehumet.
  2179 | D:3      | Found an ornate altar of the Wu Jian Council.
  2343 | D:3      | Found Caagyegg's Book Emporium.
  2479 | D:3      | Reached *** piety under Trog
  2659 | D:4      | Found a hide-covered altar of Uskayaw.
  2939 | D:4      | Reached XP level 7. HP: 57/59 MP: 10/10
  3086 | D:4      | Found a hazy altar of Hepliaklqana.
  3099 | D:4      | Identified the +10 hand axe of the End of Times {speed,
                  | rPois}
  3473 | D:4      | Noticed Duvessa
  3491 | D:4      | Killed Duvessa
  3495 | D:4      | Noticed Dowan
  3513 | D:4      | Killed Dowan
  3662 | D:5      | Entered Level 5 of the Dungeon
  3826 | D:5      | Reached skill level 3 in Throwing
  3826 | D:5      | Reached XP level 8. HP: 67/67 MP: 12/12
  4018 | D:5      | Found a white marble altar of Elyvilon.
  4018 | D:5      | You fall into a shaft and drop 1 floor!
  4022 | D:6      | Identified a scroll of acquirement
  4022 | D:6      | Acquired 876 gold pieces
  4045 | D:6      | Found a sacrificial altar of Ru.
  4125 | D:6      | Noticed a two-headed ogre
  4127 | D:6      | Noticed Menkaure
  4134 | D:6      | Killed a two-headed ogre
  4135 | D:6      | Reached XP level 9. HP: 73/73 MP: 12/14
  4138 | D:6      | Killed Menkaure
  4139 | D:6      | Reached skill level 4 in Throwing
  4281 | D:6      | Reached **** piety under Trog
  4343 | D:6      | Found a glowing drain.
  4365 | Sewer    | Entered a sewer
  4513 | D:6      | Found Deban's Lightly-Used Armoury.
  5103 | D:5      | Found a bloodstained altar of Trog.
  5197 | D:7      | Found a blossoming altar of Fedhas.
  5241 | D:7      | Noticed Jeremiah
  5249 | D:7      | Killed Jeremiah
  5250 | D:7      | Reached skill level 5 in Invocations
  5453 | D:7      | Found a staircase to the Ecumenical Temple.
  5500 | D:7      | Noticed Joseph
  5515 | D:7      | Killed Joseph
  5516 | D:7      | Reached skill level 5 in Short Blades
  5516 | D:7      | Reached skill level 5 in Long Blades
  5516 | D:7      | Reached skill level 5 in Maces & Flails
  5516 | D:7      | Reached skill level 5 in Polearms
  5516 | D:7      | Reached skill level 5 in Staves
  5516 | D:7      | Reached skill level 5 in Ranged Weapons
  5516 | D:7      | Reached skill level 5 in Throwing
  5516 | D:7      | Reached skill level 5 in Stealth
  5516 | D:7      | Reached skill level 5 in Shields
  5516 | D:7      | Reached skill level 5 in Unarmed Combat
  5516 | D:7      | Reached skill level 5 in Spellcasting
  5516 | D:7      | Reached skill level 5 in Evocations
  5516 | D:7      | Reached XP level 10. HP: 56/81 MP: 17/17
  5610 | D:7      | Found an opulent altar of Gozag.
  6120 | D:8      | Found a staircase to the Lair.
  6302 | D:8      | Found Bolanius's Armour Boutique.
  6322 | D:8      | Noticed a cyclops
  6339 | D:8      | Killed a cyclops
  6339 | D:8      | Reached ***** piety under Trog
  6340 | D:8      | Reached skill level 6 in Throwing
  6359 | D:8      | Reached skill level 5 in Shapeshifting
  6415 | D:8      | Found a glowing golden altar of the Shining One.
  6579 | D:8      | Found an iron altar of Okawaru.
  6960 | D:9      | Noticed a two-headed ogre
  6976 | D:9      | Killed a two-headed ogre
  6990 | D:8      | Bought a +0 pair of gloves for 54 gold pieces
  6990 | D:8      | Bought a +0 pair of boots for 54 gold pieces
  7013 | D:9      | Found a broken altar of Ashenzari.
  7101 | D:9      | Reached skill level 7 in Throwing
  7108 | D:9      | Reached XP level 11. HP: 80/87 MP: 19/19
  7117 | D:9      | Reached skill level 5 in Conjurations
  7117 | D:9      | Reached skill level 5 in Hexes
  7117 | D:9      | Reached skill level 5 in Summonings
  7117 | D:9      | Reached skill level 5 in Necromancy
  7117 | D:9      | Reached skill level 5 in Translocations
  7117 | D:9      | Reached skill level 5 in Transmutations
  7117 | D:9      | Reached skill level 5 in Fire Magic
  7117 | D:9      | Reached skill level 5 in Ice Magic
  7117 | D:9      | Reached skill level 5 in Air Magic
  7117 | D:9      | Reached skill level 5 in Earth Magic
  7117 | D:9      | Reached skill level 5 in Poison Magic
  7299 | D:9      | Found a staircase to the Orcish Mines.
  7352 | D:9      | Found a basalt altar of Yredelemnul.
  7493 | D:9      | Found Pauj's Superior Scales.
  7522 | D:9      | Noticed Psyche
  7530 | D:9      | Killed Psyche
  7616 | D:9      | Found a stormy altar of Qazlal.
  7689 | D:9      | Noticed a two-headed ogre
  7698 | D:9      | Killed a two-headed ogre
  7952 | Lair:1   | Entered Level 1 of the Lair of Beasts
  7953 | Lair:1   | Upgraded the game from 0.31-a0-810-ga77100ea1a to
                  | 0.31-a0-818-ge7c7cf74f0
  7977 | Lair:1   | Noticed a boulder beetle
  8004 | Lair:1   | Killed a boulder beetle
  8005 | Lair:1   | Reached skill level 8 in Throwing
  8477 | Lair:1   | Identified the +0 helmet of the Postmodern Mice {rC+ Regen+
                  | rCorr Slay+3}
  8518 | Lair:1   | Reached XP level 12. HP: 97/97 MP: 22/22
  9018 | Lair:2   | Noticed a seven-headed hydra
  9024 | Lair:2   | Reached skill level 9 in Throwing
  9033 | Lair:2   | Killed a seven-headed hydra
  9085 | Lair:2   | Found a hole to the Spider Nest.
  9117 | Lair:2   | Received a gift from Trog
  9736 | Lair:2   | Reached skill level 10 in Fighting
  9736 | Lair:2   | Reached skill level 10 in Axes
 10194 | Lair:3   | Found a staircase to the Swamp.
 10217 | Lair:3   | Reached skill level 10 in Throwing
 10388 | Lair:3   | Noticed a skyshark
 10398 | Lair:3   | Killed a skyshark
 10448 | Lair:3   | Reached XP level 13. HP: 98/104 MP: 23/25
 10482 | Lair:3   | You fall into a shaft and drop 2 floors!
 10482 | Lair:5   | Entered Level 5 of the Lair of Beasts
 10718 | Lair:4   | Reached skill level 11 in Throwing
 10893 | Lair:3   | Noticed Amaemon
 10902 | Lair:3   | Killed Amaemon
 11737 | Lair:4   | Found a staircase to the Slime Pits.
 11737 | Lair:4   | Found a viscous altar of Jiyva.
 12279 | Lair:5   | Received a gift from Trog
 12303 | Lair:5   | Reached skill level 10 in Armour
 12303 | Lair:5   | Reached skill level 10 in Dodging
 12457 | Lair:5   | Found a runed translucent door.
 12460 | Lair:5   | Noticed avis's ghost (journeyman FeWr)
 12646 | Lair:5   | Killed avis's ghost
 12647 | Lair:5   | Reached XP level 14. HP: 86/113 MP: 25/27
 12860 | Lair:5   | Identified the -1 helmet of Ignis's Benevolence {rElec rN++
                  | rCorr Str+3}
 12904 | Lair:5   | Reached skill level 10 in Invocations
 12913 | Lair:5   | Reached skill level 12 in Throwing
 13844 | Lair:5   | Found a sparkling altar of Nemelex Xobeh.
 14365 | D:10     | Entered Level 10 of the Dungeon
 14498 | D:10     | Noticed Fannar
 14506 | D:10     | Received a gift from Trog
 14511 | D:10     | Killed Fannar
 14709 | D:10     | Noticed Sonja
 14723 | D:10     | Killed Sonja
 14984 | D:10     | Found a runed translucent door.
 14994 | D:10     | Found a runed translucent door.
 15011 | D:10     | Found a runed translucent door.
 15025 | D:10     | Found a runed translucent door.
 15359 | D:11     | Reached skill level 13 in Throwing
 15363 | D:11     | Reached XP level 15. HP: 112/120 MP: 19/28
 15578 | D:11     | Found Quihaif's Assorted Antiques.
 15722 | D:11     | Reached skill level 10 in Short Blades
 15722 | D:11     | Reached skill level 10 in Long Blades
 15722 | D:11     | Reached skill level 10 in Maces & Flails
 15722 | D:11     | Reached skill level 10 in Polearms
 15722 | D:11     | Reached skill level 10 in Staves
 15722 | D:11     | Reached skill level 10 in Ranged Weapons
 15722 | D:11     | Reached skill level 10 in Stealth
 15722 | D:11     | Reached skill level 10 in Shields
 15722 | D:11     | Reached skill level 10 in Unarmed Combat
 15722 | D:11     | Reached skill level 10 in Spellcasting
 15722 | D:11     | Reached skill level 10 in Evocations
 16327 | D:11     | Bought 3 scrolls labelled VESSOPH RUPA for 96 gold pieces
 16327 | D:11     | Bought a lightning rod (4/4) for 1280 gold pieces
 16327 | D:11     | Bought a scroll of identify for 64 gold pieces
 16327 | D:11     | Bought a scroll of identify for 64 gold pieces
 16967 | D:12     | Noticed Urug
 16995 | D:12     | Killed Urug
 17350 | D:12     | Noticed Snorg
 17367 | D:12     | Killed Snorg
 17526 | D:12     | Noticed Rupert
 17545 | D:12     | Killed Rupert
 17709 | D:12     | Noticed Jorgrun
 17731 | D:12     | Killed Jorgrun
 17902 | D:12     | Noticed Lodul
 17910 | D:12     | Killed Lodul
 18454 | D:13     | Found a shadowy altar of Dithmenos.
 18875 | D:13     | Found a gate to the Vaults.
 19222 | D:13     | Reached skill level 14 in Throwing
 19341 | D:13     | Received a gift from Trog
 20059 | D:14     | Found Cheibriados's Comfort Zone.
 20060 | D:14     | Found a snail-covered altar of Cheibriados.
 20078 | D:14     | Noticed Josephine
 20098 | D:14     | Killed Josephine
 20278 | D:14     | Reached XP level 16. HP: 129/129 MP: 27/30
 20754 | D:14     | Found a large runed translucent door.
 20754 | D:14     | Found a large runed translucent door.
 20761 | D:14     | Noticed tinfoiltophat's ghost (journeyman DjFE)
 20950 | D:14     | Killed tinfoiltophat's ghost
 21006 | D:15     | Entered Level 15 of the Dungeon
 21013 | D:15     | Reached skill level 10 in Shapeshifting
 21018 | D:15     | Paralysed by an ogre mage for 3 turns
 21344 | D:15     | Found a staircase to the Depths.
 22039 | D:15     | Received a gift from Trog
 23320 | D:2      | Bought a scroll of summoning for 123 gold pieces
 23320 | D:2      | Bought a scroll of identify for 26 gold pieces
 23458 | Orc:1    | Entered Level 1 of the Orcish Mines
 23597 | Orc:2    | Entered Level 2 of the Orcish Mines
 23632 | Orc:2    | Found Kuargheah's General Store.
 24042 | Orc:1    | Reached skill level 15 in Throwing
 24366 | Orc:1    | Received a gift from Trog
 25040 | Orc:2    | Found Bijaeb's Antique Armour Shoppe.
 25068 | Orc:2    | Found a staircase to the Elven Halls.
 25294 | Orc:2    | Found Dydop's Antique Weapon Emporium.
 25357 | Orc:2    | Found Maqiugel's Book Boutique.
 25571 | Orc:2    | Bought the +1 cloak of Starlight {*Dazzle EV+4 Stlth--} for
                  | 1006 gold pieces
 25571 | Orc:2    | Found the +1 cloak of Starlight {*Dazzle EV+4 Stlth--}
 25740 | Spider:1 | Entered Level 1 of the Spider Nest
 25817 | Spider:1 | Reached XP level 17. HP: 127/136 MP: 24/32
 25935 | Spider:1 | Noticed Nikola
 25960 | Spider:1 | Killed Nikola
 26238 | Spider:1 | Noticed Donald
 26260 | Spider:1 | Killed Donald
 26829 | Spider:1 | Noticed Frances
 26837 | Spider:1 | Killed Frances
 27179 | Spider:2 | Reached skill level 10 in Conjurations
 27179 | Spider:2 | Reached skill level 10 in Hexes
 27179 | Spider:2 | Reached skill level 10 in Summonings
 27179 | Spider:2 | Reached skill level 10 in Necromancy
 27179 | Spider:2 | Reached skill level 10 in Translocations
 27179 | Spider:2 | Reached skill level 10 in Transmutations
 27179 | Spider:2 | Reached skill level 10 in Fire Magic
 27179 | Spider:2 | Reached skill level 10 in Ice Magic
 27179 | Spider:2 | Reached skill level 10 in Air Magic
 27179 | Spider:2 | Reached skill level 10 in Earth Magic
 27179 | Spider:2 | Reached skill level 10 in Poison Magic
 27874 | Spider:2 | Received a gift from Trog
 28950 | Spider:3 | Reached skill level 16 in Throwing
 30856 | Spider:4 | Entered Level 4 of the Spider Nest
 31044 | Spider:4 | Received a gift from Trog
 31066 | Spider:4 | Reached XP level 18. HP: 145/145 MP: 23/34
 32703 | Spider:4 | Identified the +0 hat "Ryhokk" {rPois Will+ Stlth+}
 32716 | Spider:4 | Got a gossamer rune of Zot
 32886 | Swamp:1  | Entered Level 1 of the Swamp
 32901 | Swamp:1  | Paralysed by a fenstrider witch for 3 turns
 32914 | Swamp:1  | HP: 9/219 [poisoned by a fenstrider witch]
 32914 | Swamp:1  | Killed from afar by a fenstrider witch

Illustrated notes

Levels and vault maps discovered:
D:1:      roderic_chinese_lattice_arrival, layout_basic, minmay_tetromino_s4
D:2:      layout_basic, basic_altar, serial_shops,
          nicolae_shop_temple_entry_statues_fountains,
          chequers_ecumenical_altar_island, uniq_natasha
D:3:      layout_basic, zin_statuary, cheibriados_altar_1,
          amethyst_overflow_temple_binary, serial_shops, shop, uniq_robin
D:4:      layout_basic, nicolae_overflow_hidden_temple,
          mainiacjoe_overflow_concentric_impassable, uniq_duvessa
D:5:      layout_rooms, mainiacjoe_overflow_surrounded_room,
          amcnicky_altar_gilded
D:6:      layout_loops_cross, mainiacjoe_overflow_boulevard,
          gup_sewer_entry_glass, nicolae_kite_square_tiling_tiny,
          minmay_shop_damaged, uniq_menkaure
D:7:      layout_loops_ring, grunt_gozag_breadcrumbs, fedhas_altar_3,
          minmay_temple_entry_grid, uniq_joseph, uniq_jeremiah
D:8:      minmay_goldmine, layout_cave_pools,
          mainiacjoe_overflow_small_starburst, okawaru_gym_becter,
          david_lair_shrubbed, serial_shops, shop
D:9:      layout_layer_cave, lemuel_mausoleum_altar_yredelemnul,
          nicolae_overflow_crystal_walls, cheibrodos_ashenzari_chains,
          orc_0_dummy, hellmonk_scale_shop, uniq_psyche
D:10:     layout_loops_ring, minmay_statue_crystal_thing, uniq_sonja,
          uniq_fannar
D:11:     layout_loops_cross, serial_shops, shop,
          hangedman_abyss_or_decor_lesser_grid
D:12:     layout_loops_corners, uniq_rupert, uniq_jorgrun, uniq_urug,
          uniq_lodul, uniq_snorg
D:13:     layout_irregular_city, grunt_vaults_entry_fortified,
          nicolae_dithmenos_shadow_blocks
D:14:     layout_loops_ring, ebering_ghost_disaster_area, minmay_shop_chei,
          pond, uniq_josephine
D:15:     grunt_enter_depths_giant_problem, layout_gridville,
          minmay_misc_feat_more_columns, kb_tengu_band
Lair:1:   layout_gridlike, infiniplex_staircase_pool_2, lemuel_fruit_fields
Lair:2:   layout_cave_pods, spider_nest_entry_a, grunt_megastairs_2
Lair:3:   layout_regular_city, minmay_swamp_entry_swarm, disabler_island,
          uniq_amaemon
Lair:4:   layout_gridlike, slime_entry_1
Lair:5:   hangedman_lair_caniforms_friends, layout_long_grid,
          hangedman_lair_tendril_chambers, basic_altar,
          hellmonk_ghost_happy_afterlife
Swamp:1:  layout_basic_swamp, evilmike_swamp_ruin_house_6
Spider:1: layout_spider_delve, uniq_nikola, uniq_frances, uniq_donald
Spider:2: layout_cave_pods
Spider:3: layout_chambers, spiders_nest_hornet_nest
Spider:4: spider_rune_water, nicolae_spider_twisty_arc_passages
Orc:1:    layout_caves, nooodl_orcs_dogs
Orc:2:    grunt_orc_gardens, layout_caves, grunt_orc_garden, grunt_orc_garden,
          grunt_orc_garden, grunt_orc_garden, mines2_david

Skill      XL: |  1  2  3  4  5  6  7  8  9 10 11 12 13 14 15 16 17 18 |
---------------+-------------------------------------------------------+-----
Invocations    | 1 2 3 4 5 6 7 8 9 10 11 12 13 | 13.6
Short Blades   | 1 2 3 5 6 8 9 10 11 12 | 12.5
Long Blades    | 1 2 3 5 6 8 9 10 11 12 | 12.5
Maces & Flails | 1 2 3 5 6 8 9 10 11 12 | 12.5
Polearms       | 1 2 3 5 6 8 9 10 11 12 | 12.5
Staves         | 1 2 3 5 6 8 9 10 11 12 | 12.5
Ranged Weapons | 1 2 3 5 6 8 9 10 11 12 | 12.5
Throwing       | 1 2 3 5 7 8 10 11 13 14 15 16 | 16.7
Stealth        | 1 2 3 5 6 8 9 10 11 12 | 12.5
Shields        | 1 2 3 5 6 8 9 10 11 12 | 12.5
Unarmed Combat | 1 2 3 5 6 8 9 10 11 12 | 12.5
Spellcasting   | 1 2 3 5 6 8 9 10 11 12 | 12.5
Evocations     | 1 2 3 5 6 8 9 10 11 12 | 12.5
Shapeshifting  | 1 2 3 4 5 6 7 8 9 10 11 | 11.5
Conjurations   | 1 2 3 4 5 6 7 8 9 10 | 10.6
Hexes          | 1 2 3 4 5 6 7 8 9 10 | 10.6
Summonings     | 1 2 3 4 5 6 7 8 9 10 | 10.6
Necromancy     | 1 2 3 4 5 6 7 8 9 10 | 10.6
Translocations | 1 2 3 4 5 6 7 8 9 10 | 10.6
Transmutations | 1 2 3 4 5 6 7 8 9 10 | 10.6
Fire Magic     | 1 2 3 4 5 6 7 8 9 10 | 10.6
Ice Magic      | 1 2 3 4 5 6 7 8 9 10 | 10.6
Air Magic      | 1 2 3 4 5 6 7 8 9 10 | 10.6
Earth Magic    | 1 2 3 4 5 6 7 8 9 10 | 10.6
Poison Magic   | 1 2 3 4 5 6 7 8 9 10 | 10.6
Armour         | 5 6 7 8 9 10 11 12 13 | 13.3
Dodging        | 5 6 7 8 9 10 11 12 13 | 13.3
Fighting       | 7 8 9 10 11 12 13 14 | 14.0
Axes           | 7 8 9 10 11 12 13 14 | 14.0

Action                     |  1- 3 |  4- 6 |  7- 9 | 10-12 | 13-15 | 16-18 || total
---------------------------+-------+-------+-------+-------+-------+-------++-------
  Melee: Hand axe          |    85 |   115 |   217 |   529 |  1225 |  1429 ||  3600
         Punch             |     2 |       |       |       |       |       ||     2
         Bite              |     4 |     7 |    28 |    78 |   183 |   204 ||   504
         War axe           |       |     6 |    39 |       |       |       ||    45
         Trident           |       |       |       |     6 |       |       ||     6
         Demon whip        |       |       |       |       |    82 |     5 ||    87
  Throw: Dart              |       |       |       |     7 |    44 |    72 ||   123
         Boomerang         |       |       |       |       |    51 |    23 ||    74
         Throwing net      |       |       |       |       |     1 |       ||     1
         Javelin           |       |       |       |       |       |     1 ||     1
 Invoke: Berserk           |       |     3 |     5 |     7 |    14 |    20 ||    49
         Trog's Hand       |       |       |     3 |     5 |     6 |     6 ||    20
         Brothers in Arms  |       |       |       |       |     1 |       ||     1
  Evoke: Wand              |       |       |       |       |     1 |     1 ||     2
    Use: Scroll            |       |     4 |    11 |     8 |     8 |     6 ||    37
         Potion            |       |       |       |       |     2 |       ||     2
   Stab: Invisible         |       |       |       |       |       |    17 ||    17
 Armour: Animal skin       |    25 |       |       |       |       |       ||    25
         Chain mail        |    24 |    73 |    75 |       |       |       ||   172
         Skin              |       |       |     1 |       |       |       ||     1
         Plate armour      |       |       |    19 |   285 |   405 |   758 ||  1467
         Crystal plate arm |       |       |       |       |   221 |       ||   221
  Dodge: Dodged            |    41 |    55 |    93 |   142 |   318 |   516 ||  1165
  Block: Buckler           |     7 |    44 |    48 |    89 |       |       ||   188
         Kite shield       |       |       |       |    74 |   513 |   661 ||  1248
         Reflection        |       |       |       |       |       |     1 ||     1

Table legend: (Time is in decaauts)
 A = Elapsed time spent in this place.
 B = Non-inter-level travel time spent in this place.
 C = Inter-level travel time spent in this place.
 D = Time resting spent in this place.
 E = Time spent auto-exploring this place.
 F = Levels seen in this place.
 G = Mean time per level.
                   A        B        C        D        E       F      G
               +--------+--------+--------+--------+--------+-----+--------+
         Total |  31844 |  29188 |   2656 |   3635 |  19965 |  28 | 1137.3 |
       Dungeon |  16447 |  14960 |   1487 |   1343 |  10985 |  15 | 1096.5 |
          Lair |   6452 |   5671 |    781 |    527 |   3735 |   5 | 1290.4 |
         Swamp |     15 |     15 |      0 |      0 |      0 |   1 |   15.0 |
   Spider Nest |   6735 |   6430 |    305 |   1331 |   3985 |   4 | 1683.8 |
  Orcish Mines |   2093 |   2012 |     81 |    433 |   1235 |   2 | 1046.5 |
         Sewer |    100 |    100 |      0 |      0 |     23 |   1 |  100.0 |
               +--------+--------+--------+--------+--------+-----+--------+

Top non-repeatable levels by time:
Spider:3: 2003 daAuts
  Lair:5: 1909 daAuts
    D:12: 1743 daAuts
Spider:2: 1731 daAuts
Spider:4: 1670 daAuts
    D:14: 1580 daAuts
    D:15: 1448 daAuts
    D:13: 1421 daAuts
   Orc:1: 1378 daAuts
Spider:1: 1330 daAuts
  Lair:2: 1221 daAuts
  Lair:4: 1174 daAuts
  Lair:1: 1088 daAuts
     D:3: 1084 daAuts
    D:10: 1072 daAuts
